 Dungeon Crawl Stone Soup version 0.22.1-2-g9c5b331 (webtiles) character file.

182 nightchill the Insei (level 5, -4/37 HPs)
             Began as a Merfolk Transmuter on Nov 13, 2018.
             Slain by a hound (5 damage)
             ... on level 4 of the Dungeon.
             The game lasted 00:11:22 (3789 turns).

nightchill the Insei (Merfolk Transmuter)           Turns: 3789, Time: 00:11:22

Health: -4/37      AC:  2    Str: 10    XL:     5   Next: 62%
Magic:  8/8        EV: 13    Int: 14    God:
Gold:   147        SH:  0    Dex: 14    Spells: 1/8 levels left

rFire    . . .     SeeInvis .     - Unarmed
rCold    . . .     Gourm    .   (no shield)
rNeg     . . .     Faith    .   n - +0 robe
rPois    .         Spirit   .   (no helmet)
rElec    .         Reflect  .   (no cloak)
rCorr    .         Harm     .   (no gloves)
MR       .....                  (no boots)
Stlth    +.........             (no amulet)
HPRegen  0.12/turn              (no ring)
MPRegen  0.11/turn              (no ring)

@: appendage (expiring), flying
A: change form in water, swift swim, stealthy swim, horns 2
a: End Transformation


You were on level 4 of the Dungeon.
You were not hungry.
You had grown temporary horns.
You visited 1 branch of the dungeon, and saw 4 of its levels.

You collected 147 gold pieces.

Inventory:

Hand Weapons
 b - a +3 blowgun
 e - a +0 hunting sling
Missiles
 a - 2 arrows
 g - 24 stones (quivered)
 o - 9 poisoned needles
Armour
 n - a +0 robe (worn)
Jewellery
 k - a +3 ring of slaying {unknown}
 m - a cursed ring of attention {unknown}
Wands
 j - a wand of polymorph (12)
Scrolls
 h - 2 scrolls of identify
Comestibles
 d - 7 rations
 l - 2 chunks of flesh


   Skills:
 - Level 1.1 Fighting
 - Level 2.6 Dodging
 * Level 5.6 Unarmed Combat
 - Level 2.0 Spellcasting
 + Level 4.5 Transmutations
 + Level 1.6 Ice Magic


You had one spell level left.
You knew the following spells:

 Your Spells              Type           Power        Failure   Level  Hunger
a - Beastly Appendage     Tmut           ##....       3%          1    ##.....
b - Sticks to Snakes      Tmut           ##......     5%          2    ###....
c - Ice Form              Ice/Tmut       ##......     54%         4    #####..

Your spell library contained the following spells:

 Spells                   Type           Power        Failure   Level  Hunger
 Spider Form              Tmut/Pois      #.........   28%         3    ####...
 Blade Hands              Tmut           ##........   71%         5    ######.


Dungeon Overview and Level Annotations

Branches:
Dungeon (4/15)
 Temple: D:4-7

Altars:
Ashenzari
Fedhas
Okawaru
Vehumet

Annotations:
D:3 exclusion: downstairs


Innate Abilities, Weirdness & Mutations

You revert to your normal form in water.
You are very nimble and swift while swimming.
You are very stealthy in the water. (Stealth+)
You have a pair of horns on your head.


Message History

The hound bites you but does no damage.
The orc shouts!
The hound bites you.
* * * LOW HITPOINT WARNING * * *
The hound bites you.
* * * LOW HITPOINT WARNING * * *
The orc shouts!
You hear a shout!
The hound barely misses you. The hound closely misses you.
Found a ration.
The hound bites you but does no damage. The hound closely misses you.
The hound barely misses you. The hound completely misses you.
Your transformation is almost over.
The hound closely misses you. The hound bites you.
* * * LOW HITPOINT WARNING * * *
The hound bites you.
You die...

*,* *#.......oo.## *
*,******#######.#####..# **
*,,,,,,,..........# ##.# *,
********#######.#.# #.## *,
#o#.# #.o# *, #.#.# ##o#####
*, *########.#.# #.o...# *,
*.........h.# #.....# *,
*.########@.# #o###.# *,
*****##.##***###..# ##.###.#
*, *,,,,)...,,,,,....#
#..###.# *,
*,***#..,,,,,,....# #.o.#..#
*, *,# #^#*****###..#
#...#..# *, *.# #.#
#..####..._..###*, #.#
#.#########...#.....#.......
..#
#.............#.##$.#...####
#**
#<.#...............###..#


You could see a hound and an orc.

Vanquished Creatures
  A howler monkey (D:4)
  5 adders
  3 oozes (D:3)
  4 leopard geckos
  6 orcs
  A ball python (D:1)
  6 bats
  2 giant cockroaches
  4 goblins
  8 hobgoblins
  3 jackals (D:2)
  3 frilled lizards
  13 kobolds
  4 rats
63 creatures vanquished.

Vanquished Creatures (collateral kills)
  2 adders
  A howler monkey skeleton (D:4)
  An orc (D:4)
  A quokka (D:4)
5 creatures vanquished.

Grand Total: 68 creatures vanquished

Notes
Turn   | Place    | Note
-------+----------+-------------------------------------------
     0 | D:1      | nightchill the Merfolk Transmuter began the quest for the
                  | Orb.
     0 | D:1      | Reached XP level 1. HP: 15/15 MP: 3/3
   303 | D:1      | Reached XP level 2. HP: 14/21 MP: 5/5
   404 | D:1      | Learned a level 2 spell: Sticks to Snakes
   952 | D:1      | Reached skill level 4 in Unarmed Combat
  1203 | D:2      | Reached XP level 3. HP: 25/26 MP: 4/6
  1310 | D:2      | Found a radiant altar of Vehumet.
  1745 | D:2      | Found a blossoming altar of Fedhas.
  1752 | D:2      | Reached XP level 4. HP: 32/32 MP: 5/7
  1919 | D:2      | Found an iron altar of Okawaru.
  2125 | D:3      | Learned a level 4 spell: Ice Form
  2507 | D:3      | Reached skill level 5 in Unarmed Combat
  3046 | D:3      | Reached skill level 1 in Ice Magic
  3046 | D:3      | Reached XP level 5. HP: 34/37 MP: 6/8
  3727 | D:4      | Found a shattered altar of Ashenzari.
  3787 | D:4      | HP: 1/37 [hound (6)]
  3789 | D:4      | Slain by a hound

Skill      XL: |  1  2  3  4 |
---------------+-------------+-----
Transmutations | 3 4 |  4.5
Unarmed Combat | 4 5 |  5.6
Ice Magic      | 1 |  1.6
Fighting       | |  1.1
Dodging        | |  2.6
Spellcasting   | |  2.0

Action                   |  1- 3 |  4- 6 || total
-------------------------+-------+-------++-------
Melee: Unarmed           |    85 |    99 ||   184
       Headbutt          |     5 |     8 ||    13
       Punch             |     1 |     4 ||     5
 Fire: Blowgun           |       |     4 ||     4
Throw: Stone             |       |     7 ||     7
 Cast: Beastly Appendage |    12 |    13 ||    25
       Sticks to Snakes  |     1 |     9 ||    10
  Use: Scroll            |       |     3 ||     3
       Potion            |       |     1 ||     1
 Stab: Sleeping          |     1 |     1 ||     2
  Eat: Chunk             |     3 |     7 ||    10
Armor: Robe              |    23 |    22 ||    45
Dodge: Dodged            |    62 |    82 ||   144
